 Dungeon Crawl Stone Soup version 0.20.1-1-g8b1a95d (webtiles) character file.

16 Irenicus the Stinger (level 2, 0/17 HPs)
             Began as an Octopode Venom Mage on Nov 13, 2017.
             Slain by a leopard gecko (4 damage)
             ... on level 2 of the Dungeon.
             The game lasted 00:02:47 (477 turns).

Irenicus the Stinger (Octopode Venom Mage)           Turns: 477, Time: 00:02:47

Health: 0/17       AC:  1    Str:  7    XL:     2   Next: 58%
Magic:  0/5        EV: 13    Int: 17    God:
Gold:   55         SH:  0    Dex: 12    Spells: 4/5 levels left

rFire    . . .     SeeInvis .     - Unarmed
rCold    . . .     Gourm    .   (no shield)
rNeg     . . .     Faith    .   (helmet restricted)
rPois    .         Spirit   .   (no amulet)
rElec    .         Reflect  .   (no ring)
rCorr    .         Harm     .   (no ring)
MR       .....                  (no ring)
Stlth    +++.......             (no ring)
Regen    0.1/turn               (no ring)
MPRegen  0.1/turn               (no ring)
                                (no ring)
                                (no ring)

@: no status effects
A: almost no armour, stealthy swim, amphibious, 8 rings, constrict 8, camouflage
1, gelatinous body 1
a: no special abilities


You were on level 2 of the Dungeon.
You were not hungry.

You visited 1 branch of the dungeon, and saw 2 of its levels.

You collected 55 gold pieces.

Inventory:

Scrolls
 c - a scroll of noise {unknown}
 d - a scroll of teleportation {unknown}
 e - a scroll of random uselessness {unknown}
 h - a scroll of amnesia {unknown}
Potions
 g - a potion of heal wounds {unknown}
Books
 a - a Young Poisoner's Handbook

   Spells                             Type                      Level
   a - Sting                          Conjuration/Poison           1
   b - Poisonous Vapours              Poison/Air                   2
   c - Mephitic Cloud                 Conjuration/Poison/Air       3
   d - Olgreb's Toxic Radiance        Poison                       4
   e - Venom Bolt                     Conjuration/Poison           5
Comestibles
 b - 2 bread rations
 f - a royal jelly
 i - a meat ration


   Skills:
 - Level 2.0 Dodging
 - Level 2.6 Stealth
 + Level 1.5 Unarmed Combat
 - Level 2.0 Spellcasting
 - Level 1.0 Conjurations
 - Level 4.1 Poison Magic


You had 4 spell levels left.
You knew the following spells:

 Your Spells              Type           Power        Failure   Level  Hunger
a - Sting                 Conj/Pois      ##..         7%          1    #......


Dungeon Overview and Level Annotations

Branches:
Dungeon (2/15)

Altars:


Innate Abilities, Weirdness & Mutations

You cannot wear most types of armour.
You are very stealthy in the water. (Stealth+)
You are amphibious.
You can wear up to eight rings at the same time.
You can use your tentacles to constrict eight enemies at once.
Your skin changes colour to match your surroundings (Stealth+).
Your rubbery body absorbs attacks. (AC +1, EV +1)


Message History

The leopard gecko barely misses you. The jackal bites you.
You barely miss the jackal.
The jackal is severely wounded.
You constrict the jackal.
You kill the jackal!
The leopard gecko bites you.
Casting: Sting
Confirm with . or Enter, or press ? or * to list all spells.
Aiming: Sting
Press: ? - help, Shift-Dir - straight line, f - leopard gecko
Aim: a leopard gecko The sting hits the leopard gecko.
The leopard gecko is poisoned.
The leopard gecko is heavily wounded.
The leopard gecko bites you.
* * * LOW HITPOINT WARNING * * *
The leopard gecko closely misses you.
You closely miss the leopard gecko. Your grab misses the leopard gecko.
The leopard gecko is heavily wounded.
The leopard gecko bites you.
You die...

#........# #........##.
#........... ##
#........... ...
#........... ##
...++........# .# ..#
........l....#### .#...#
...... #@# #....##.#...#
......##.###....#......#
.........##.....#.#....#
$..##....##.....#'#....#
##.......# #<....>..#.
#........###...†......
#.....................
+........#............
#.....####....#.......


You could see a leopard gecko.

Vanquished Creatures
  A ball python (D:2)
  A bat (D:1)
  2 goblins (D:1)
  4 hobgoblins (D:1)
  2 jackals (D:2)
  A frilled lizard (D:1)
  2 kobolds
13 creatures vanquished.

Notes
Turn   | Place    | Note
-------+----------+-------------------------------------------
     0 | D:1      | Irenicus the Octopode Venom Mage began the quest for the Orb.
     0 | D:1      | Reached XP level 1. HP: 11/11 MP: 3/3
   286 | D:1      | Reached skill level 4 in Poison Magic
   353 | D:1      | Reached XP level 2. HP: 17/17 MP: 3/5
   376 | D:1      | Reached skill level 1 in Unarmed Combat
   477 | D:2      | Slain by a leopard gecko

Skill      XL: |  1  2 |
---------------+-------+-----
Poison Magic   | 4 |  4.1
Unarmed Combat | 1 |  1.5
Dodging        | |  2.0
Stealth        | |  2.6
Spellcasting   | |  2.0
Conjurations   | |  1.0

Action                   || total
-------------------------++-------
Melee: Unarmed           ||    15
       Tentacles         ||     3
       Constrict         ||     4
 Cast: Sting             ||    21
Armor: Skin              ||     1
Dodge: Dodged            ||    19
